 Dungeon Crawl Stone Soup version 0.29.1-15-g9cfb28693d (webtiles) character file.

Game seed: 976947577753889020

5223 ThatPearl the Geomancer (level 10, -19/83 HPs)
             Began as a Demigod Earth Elementalist on Mar 17, 2023.
             Demolished by an orc warrior
             ... wielding a +0 trident
              (21 damage)
             ... in a bailey on Mar 19, 2023.
             The game lasted 00:39:01 (8178 turns).

ThatPearl the Geomancer (DgEE)                      Turns: 8178, Time: 00:39:01

Health: -19/83     AC:  6    Str:  8    XL:     10   Next: 13%
Magic:  5/24       EV: 12    Int: 26    God:
Gold:   1560       SH:  0    Dex: 13    Spells: 9/23 levels left

rFire   + . .      SeeInvis +   l - staff of earth
rCold   + . .      Faith    .   (no shield)
rNeg    + + .      Spirit   .   a - +0 robe
rPois   +          Reflect  .   E - +0 helmet {SInv}
rElec   .          Harm     .   t - +2 ratskin cloak {*Rats rPois rN+ Str-1 Int-1 Dex+1}
rCorr   .          Rampage  .   (no gloves)
Will    +....                   (no boots)
Stlth   ++........              m - amulet of the acrobat
HPRegen 0.23/turn               p - ring of wizardry
MPRegen 0.19/turn               L - ring of Mahiak {rPois rF+ rC+ rN+}

@: mighty, brilliant, hasted, very quick
A: high MP 1, forlorn, divine attributes, clumsy 1, dopey 1
a: no special abilities


You were in a bailey.
You visited 1 branch of the dungeon, and saw 8 of its levels.
You also visited: Sewer and Bailey.

You collected 1560 gold pieces.

Inventory:

Hand Weapons
 c - a +3 flail of protection
 f - a +1 vorpal mace
 h - a +1 whip of electrocution
 i - a +0 sling
 J - a +2 spear of venom
Missiles
 d - 6 boomerangs
 g - 81 stones
 y - 16 poisoned darts
 B - 5 curare-tipped darts
Armour
 a - a +0 robe (worn)
 t - the +2 ratskin cloak (worn) {*Rats rPois rN+ Str-1 Int-1 Dex+1}
   (You found it on level 3 of the Dungeon)

   When the wearer is hurt, rats may emerge from it to assist them.
   Str:       It affects your strength (-1).
   Int:       It affects your intelligence (-1).
   Dex:       It affects your dexterity (+1).
   rPois:     It protects you from poison.
   rN:        It protects you from negative energy.
 E - a +0 helmet of see invisible (worn)
 K - a +2 buckler
Magical Staves
 l - a staff of earth (weapon)
Jewellery
 m - an amulet of the acrobat (around neck)
 p - a ring of wizardry (left hand)
 L - the ring of Mahiak (right hand) {rPois rF+ rC+ rN+}
   (You acquired it on level 4 of the Dungeon)

   [ring of positive energy]

   rF:        It protects you from fire.
   rC:        It protects you from cold.
   rPois:     It protects you from poison.
   rN:        It protects you from negative energy.
Wands
 F - a wand of flame (17)
 G - a wand of mindburst (13)
 O - a wand of iceblast (4)
Scrolls
 k - a scroll of enchant armour {unknown}
 n - a scroll of magic mapping
 o - 3 scrolls of identify {unknown}
 q - a scroll of blinking {unknown}
 s - 2 scrolls of immolation
 u - a scroll of torment {unknown}
 x - 2 scrolls of poison {unknown}
 A - 3 scrolls of teleportation
 C - 2 scrolls of fear {unknown}
 H - a scroll of enchant weapon {unknown}
 N - a scroll of brand weapon {unknown}
 R - a scroll of fog {unknown}
 S - a scroll of amnesia {unknown}
Potions
 b - 2 potions of magic
 e - 3 potions of invisibility
 j - 2 potions of lignification {unknown}
 r - 3 potions of brilliance
 v - 4 potions of mutation
 w - a potion of haste
 z - a potion of heal wounds {unknown}
 D - a potion of curing {unknown}
 I - 2 potions of flight {unknown}
 M - a potion of might
 P - a potion of degeneration {unknown}
 Q - a potion of attraction {unknown}
 T - 2 potions of cancellation {unknown}
 U - a potion of resistance


   Skills:
 - Level 6.1 Fighting
 - Level 3.0 Dodging
 - Level 1.7 Stealth
 + Level 5.4 Shields
 + Level 7.1 Spellcasting
 + Level 6.0 Conjurations
 - Level 3.1 Hexes
 - Level 0.8 Transmutations
 + Level 8.0 Earth Magic


You had 9 spell levels left.
You knew the following spells:

 Your Spells              Type           Power      Damage    Failure   Level
a - Stone Arrow           Conj/Erth      100%       3d13      1%          3
b - Sandblast             Erth           100%       2d20      1%          1
d - Tukima's Dance        Hex            38%        N/A       1%          3
m - Magic Dart            Conj           100%       1d8       1%          1
p - Petrify               Tmut/Erth      64%        N/A       4%          4
w - Passwall              Tmut/Erth      53%        N/A       1%          2

Your spell library contained the following spells:

 Spells                   Type           Power      Damage    Failure   Level
 Searing Ray              Conj           100%       2d8       1%          2
 Dazzling Flash           Conj/Hex       98%        N/A       1%          3
 Portal Projectile        Hex/Tloc       52%        N/A       4%          3
 Fulminant Prism          Conj/Hex       24%        3d13      4%          4
 Iskenderun's Mystic Bla  Conj/Tloc      37%        2d9       8%          4
 Blade Hands              Tmut           10%        N/A       43%         5
 Starburst                Conj/Fire      18%        6d7       69%         6


Dungeon Overview and Level Annotations

Branches:
Dungeon (8/15)             Temple (0/1) D:4            Lair (0/5) D:8
  Sewer (visited)          Bailey (1/1)

Annotations:
D:5 1 runed translucent door, Crazy Yiuf


Innate Abilities, Weirdness & Mutations

You have an increased reservoir of magic. (+10% MP)
You shall have no god before yourself.
Your divine heritage dramatically boosts your attributes as you level up.
You are clumsy. (Dex -2)
You are dopey. (Int -2)


Message History

Aiming: Stone Arrow (safe; 1% risk of failure)
Press: ? - help, Shift-Dir - straight line, f/p - orc knight
Aim: an orc knight, wearing a +0 chain mail (lightly wounded, strong, unable to see you, 75% to hit)
You feel a surge of power!
The stone arrow misses the orc knight.
The stone arrow misses the orc warrior.
The stone arrow misses the orc knight.
Your river rat bites the orc knight but does no damage.
The orc knight misses you.
Unknown command.
Aiming: Sandblast (safe; 1% risk of failure)
Press: ? - help, Q - select action, (/) - cycle Shift-Dir - straight line, f/p - orc knight
Aim: an orc knight, wearing a +0 chain mail (lightly wounded, strong, unable to see you, 84% to hit)
Okay, then.
It was a potion of mutation.
You feel extremely strange.
You feel clumsy.
You feel stupid.
Your river rat bites the orc knight but does no damage.
The orc warrior hits you with a +0 hand axe!
* * * LOW HITPOINT WARNING * * *
A river rat scurries out from under your cloak.
The orc warrior barely misses your river rat.
The orc knight completely misses you.
Okay, then.
Your river rat barely misses the orc knight.
The orc warrior closely misses your river rat.
It was a potion of brilliance.
You feel clever all of a sudden.
Your river rat barely misses the orc knight.
Your river rat bites the orc warrior!
The orc warrior dies!
The orc knight closely misses you.
It was a potion of might.
You feel very mighty all of a sudden.
Your river rat barely misses the orc knight.
The orc warrior hits your river rat with a +0 trident.
The orc knight hits your river rat!
Your river rat dies!
It was a potion of haste.
You feel yourself speed up.
You flicker back into view.
The orc warrior no longer looks unusually strong.
The orc warrior hits you from afar with a +0 trident!!
You die...

###)###
#)))#
#...#
#).)#
#.o.#
###'###
##.oo..##
#.or)...#
#..@....#
#......)#
#..#.#.)#
#.##8##)#
#..#.#..#
#.......#
#.......#
#∩.....∩#
#.......#


You could see 2 orc knights, 2 orc warriors and a friendly river rat.

Vanquished Creatures
  Grinder (D:4)
  Menkaure (D:5)
  Edmund (D:5)
  An orc warrior (Bailey)
  An ice beast (D:6)
  An ogre (D:6)
  A centaur (D:6)
  A phantom (D:5)
  A kobold brigand (Sewer)
  A bullfrog (D:6)
  A gnoll sergeant (D:5)
  A necrophage (D:5)
  13 wights
  2 hounds (D:5)
  A jelly (D:4)
  An orc priest (D:4)
  An iguana (D:6)
  Ijyb (D:4)
  Natasha (thrice) (D:4)
  2 orc wizards
  4 gnolls (D:5)
  6 river rats (Sewer)
  12 adders
  4 white imps
  2 ufetubi
  5 worms
  6 dart slugs
  32 orcs
  7 ball pythons
  8 bats
  5 endoplasms
  6 giant cockroaches
  10 goblins
  7 hobgoblins
  4 jackals (D:3)
  4 quokkas
  3 frilled lizards
  25 kobolds
  25 rats
211 creatures vanquished.

Vanquished Creatures (collateral kills)
  2 orc warriors (Bailey)
  An orc (Bailey)
  2 rats (Sewer)
5 creatures vanquished.

Vanquished Creatures (others)
  2 dancing weapons (Bailey)
  8 withered plants (D:5)
10 creatures vanquished.

Grand Total: 226 creatures vanquished

Notes
Turn   | Place    | Note
-------+----------+-------------------------------------------
     0 | D:1      | ThatPearl the Demigod Earth Elementalist began the quest
                  | for the Orb.
     0 | D:1      | Reached XP level 1. HP: 14/14 MP: 5/5
   529 | D:1      | Reached XP level 2. HP: 22/22 MP: 4/7
   880 | D:2      | Reached skill level 3 in Earth Magic
   891 | D:2      | Learned a level 2 spell: Passwall
   926 | D:2      | Reached skill level 1 in Fighting
  1233 | D:2      | Reached XP level 3. HP: 28/28 MP: 7/9
  2068 | D:3      | Learned a level 3 spell: Tukima's Dance
  2348 | D:3      | Reached XP level 4. HP: 36/36 MP: 5/10
  2422 | D:3      | Found the +2 ratskin cloak {*Rats rPois rN+ Str-1 Int-1
                  | Dex+1}
  2787 | D:4      | Found a glowing drain.
  2799 | Sewer    | Entered a sewer
  3075 | Sewer    | Reached XP level 5. HP: 33/41 MP: 4/12
  3147 | Sewer    | Reached skill level 1 in Hexes
  3456 | Sewer    | Reached skill level 4 in Earth Magic
  3751 | D:4      | Reached XP level 6. HP: 50/50 MP: 11/14
  3856 | D:4      | Noticed Ijyb
  3971 | D:4      | Found a staircase to the Ecumenical Temple.
  4169 | D:4      | Noticed Grinder
  4174 | D:4      | Paralysed by Grinder for 3 turns
  4178 | D:4      | Killed Grinder
  4179 | D:4      | Reached XP level 7. HP: 48/57 MP: 10/16
  4565 | D:4      | Noticed Natasha
  4566 | D:4      | Killed Natasha
  4574 | D:4      | Killed Ijyb
  4634 | D:5      | Entered Level 5 of the Dungeon
  4746 | D:5      | Noticed Menkaure
  4762 | D:5      | Learned a level 4 spell: Petrify
  4766 | D:5      | Learned a level 3 spell: Stone Arrow
  4793 | D:4      | Noticed Natasha
  4796 | D:4      | Killed Natasha
  4871 | D:5      | Killed Menkaure
  4951 | D:5      | Learned a level 1 spell: Magic Dart
  5016 | D:5      | Found a runed translucent door.
  5017 | D:5      | Noticed Crazy Yiuf
  5038 | D:5      | Noticed Edmund
  5051 | D:5      | Killed Edmund
  5052 | D:5      | Reached skill level 5 in Earth Magic
  5213 | D:5      | Reached skill level 1 in Conjurations
  5605 | D:5      | Reached XP level 8. HP: 56/66 MP: 3/18
  5961 | D:4      | Noticed Natasha
  5964 | D:4      | Killed Natasha
  5973 | D:4      | Identified 2 scrolls of acquirement
  5973 | D:4      | Acquired the ring of Mahiak {rPois rF+ rC+ rN+}
  5976 | D:4      | Acquired 965 gold pieces
  6353 | D:6      | Reached skill level 1 in Shields
  6353 | D:6      | Reached skill level 5 in Spellcasting
  6735 | D:6      | Reached skill level 6 in Earth Magic
  7156 | D:7      | Reached XP level 9. HP: 44/71 MP: 15/21
  7638 | D:8      | Found a flagged portal.
  7655 | Bailey   | Entered a bailey
  8114 | Bailey   | Reached skill level 5 in Shields
  8114 | Bailey   | Reached skill level 8 in Earth Magic
  8114 | Bailey   | Reached XP level 10. HP: 83/83 MP: 21/24
  8132 | Bailey   | Noticed an orc knight
  8132 | Bailey   | Noticed an orc knight
  8174 | Bailey   | Gained mutation: You are clumsy. (Dex -2) [potion of
                  | mutation]
  8174 | Bailey   | Gained mutation: You are dopey. (Int -2) [potion of
                  | mutation]
  8174 | Bailey   | HP: 1/83 [orc warrior/+0 hand axe (15)]
  8178 | Bailey   | Demolished by an orc warrior

Illustrated notes

Levels and vault maps discovered:
D:1:      tarquinn_simple_flora_water_b, layout_rooms
D:2:      layout_loops_ring, grunt_ministairs_11, minmay_misc_feat_roman
D:3:      minmay_angry_zag, layout_loops_ring,
          hellmonk_ecumenical_altar_blasted, minmay_unequal
D:4:      layout_basic, amcnicky_altar_gilded, kennysheep_slug_shrine,
          temple_fountains, portal_sewer_entry_f, uniq_natasha, uniq_grinder,
          uniq_ijyb
D:5:      layout_loops_ring, kiku_gazebo_garden_becter, corexii_hall_statues_l,
          minmay_misc_feat_five, dreamdust_princess_corridor,
          uniq_crazy_yiuf_cottage, uniq_menkaure, uniq_edmund
D:6:      layout_gridville, gammafunk_temple_overflow_claw,
          nicolae_overflow_hidden_temple, mainiacjoe_overflow_alcove_2,
          mainiacjoe_overflow_brackets, nrook_mini_backslash
D:7:      layout_basic, mainiacjoe_overflow_24_doors
D:8:      nicolae_cairo_tiling_large_dashed, layout_cave_pools, enter_bailey_5,
          serial_shops, nicolae_shop_advertising_works
          [nicolae_subvault_shop_adworks], minivault_5, minivault_27
Bailey:   bailey_polearm_5, bailey

Skill      XL: |  1  2  3  4  5  6  7  8  9 |
---------------+----------------------------+-----
Spellcasting   | 2 3 4 5 7 |  7.1
Earth Magic    | 3 4 5 6 8 |  8.0
Fighting       | 1 2 3 4 6 |  6.1
Hexes          | 1 2 3 |  3.1
Dodging        | 2 3 |  3.0
Conjurations   | 1 3 6 |  6.0
Shields        | 2 5 |  5.4
Stealth        | |  1.7
Transmutations | |  0.8

Action                   |  1- 3 |  4- 6 |  7- 9 | 10-12 || total
-------------------------+-------+-------+-------+-------++-------
Melee: Dagger            |     6 |       |       |       ||     6
       Whip              |     5 |       |       |       ||     5
       Mace              |     3 |       |       |       ||     3
       Staff             |     2 |    11 |       |       ||    13
Throw: Stone             |     4 |       |       |       ||     4
 Cast: Sandblast         |    63 |   120 |   133 |     5 ||   321
       Magic Dart        |       |       |     3 |       ||     3
       Tukima's Dance    |       |       |     4 |     6 ||    10
       Stone Arrow       |       |       |     1 |     8 ||     9
  Use: Scroll            |       |     1 |     4 |       ||     5
       Potion            |       |       |     1 |     6 ||     7
 Stab: Sleeping          |     2 |       |       |       ||     2
Armor: Robe              |    12 |    50 |    11 |     5 ||    78
Dodge: Dodged            |    29 |    90 |    39 |    17 ||   175
